 Dungeon Crawl Stone Soup version 0.29-a0-653-gd47aff6735 (webtiles) character file.

Game seed: 16517451347811588327

387 lunkers the Cudgeller (level 7, -2/56 HPs)
             Began as a Formicid Fighter on June 21, 2022.
             Slain by an iguana (6 damage)
             ... on level 4 of the Dungeon on June 22, 2022.
             The game lasted 00:05:37 (2659 turns).

lunkers the Cudgeller (Formicid Fighter)            Turns: 2659, Time: 00:05:38

Health: -2/56      AC: 16    Str: 20 (22) XL:     7   Next: 7%
Magic:  7/7        EV:  9    Int:  6 (8)  God:
Gold:   86         SH:  9    Dex: 11 (13) Spells: 6/6 levels left

rFire   . . .      SeeInvis +   a - +3 mace (protect)
rCold   + . .      Faith    .   c - +0 buckler
rNeg    . . .      Spirit   .   m - +0 scale mail {rC+}
rPois   .          Reflect  +   (helmet unavailable)
rElec   .          Harm     .   (no cloak)
rCorr   .          Rampage  .   (no gloves)
Will    .....                   h - +1 pair of boots
Stlth   ..........              j - amulet of reflection
HPRegen 0.18/turn               (no ring)
MPRegen 0.10/turn               (no ring)

@: under a protective aura
A: permanent stasis, dig shafts and tunnels, antennae 3, four strong arms
a: Dig, Shaft Self


You were on level 4 of the Dungeon.
You visited 1 branch of the dungeon, and saw 4 of its levels.

You collected 86 gold pieces.

Inventory:

Hand Weapons
 a - a +3 mace of protection (weapon)
 d - a +0 flail
 q - the +0 bardiche of the Wasteland {vorpal, rPois rF+ SInv}
   (You found it on level 3 of the Dungeon)

   It inflicts extra damage upon your enemies.
   rF:        It protects you from fire.
   rPois:     It protects you from poison.
   SInv:      It lets you see invisible.
Armour
 b - a +0 scale mail
 c - a +0 buckler (worn)
 h - a +1 pair of boots (worn)
 m - a +0 scale mail of cold resistance (worn)
 r - a +0 pair of boots
Jewellery
 j - an amulet of reflection (around neck)
Scrolls
 e - 3 scrolls of fear {unknown}
 f - 2 scrolls of blinking {unknown}
 g - 6 scrolls of identify {unknown}
 i - 2 scrolls of teleportation {unknown}
 k - a scroll of immolation {unknown}
 o - a scroll of noise {unknown}
Potions
 s - a potion of attraction {unknown}


   Skills:
 + Level 5.3 Fighting
 * Level 5.8 Maces & Flails
 - Level 3.2 Armour
 - Level 4.0 Shields


You had 6 spell levels left.
You didn't know any spells.
Your spell library contained the following spells:

 Spells                   Type           Power      Damage    Failure   Level
 Tukima's Dance           Hex            0%         N/A       99%         3
 Passage of Golubria      Tloc           0%         N/A       100%        4
 Yara's Violent Unravell  Hex/Tmut       0%         3d3       100%        5


Dungeon Overview and Level Annotations

Branches:
Dungeon (4/15)
 Temple: D:4-7

Altars:
Ru


Innate Abilities, Weirdness & Mutations

You cannot be hasted, slowed, berserked, paralysed or teleported.
You can dig through walls and to a lower floor.
You have a pair of large antennae on your head. (SInv)
Your four strong arms can wield two-handed weapons with a shield.


Message History

* * * LOW HITPOINT WARNING * * *
The water moccasin bites you but does no damage.
You miss the water moccasin.
The water moccasin is severely wounded.
The water moccasin barely misses you. The iguana closely misses you.
The endoplasm hits you but does no damage.
You block the water moccasin's attack.
You sock the water moccasin!
Your weapon exudes an aura of protection.
The water moccasin is almost dead.
The endoplasm barely misses you. The iguana bites you.
* * * LOW HITPOINT WARNING * * *
The water moccasin closely misses you.
You sock the water moccasin!
You kill the water moccasin!
The endoplasm freezes you.
You are frozen.
You resist. You block the iguana's attack. The endoplasm freezes you.
You are frozen.
You resist.
* * * LOW HITPOINT WARNING * * *
The iguana bites you.
* * * LOW HITPOINT WARNING * * *
You have reached level 7!
It was a potion of flight.
You feel very buoyant.
You fly up into the air.
The iguana closely misses you. The endoplasm freezes you.
You are frozen.
You resist.
It was a potion of degeneration.
There was something very wrong with that liquid.
You feel weakened.
You feel dopey.
You feel clumsy.
The iguana bites you but does no damage.
The endoplasm freezes you.
You are frozen.
You resist.
* * * LOW HITPOINT WARNING * * *
It was a potion of cancellation.
Your magical effects are unravelling.
You feel magically purged.
You float gracefully downwards.
The iguana bites you.
You die...

.....# .....# ....#
.....# ..?.# .....#
....# # ###..####
....#.. #.....#
......# #.....###
......#
#####...#######l...#
#.........@†...##
####.......J....#
#......#....?..
#......######..
#......# . ####...#
...... .....#..
........#.#


You could see an iguana and an endoplasm.

Vanquished Creatures
  Sigmund (D:2)
  A water moccasin (D:4)
  Terence (D:2)
  4 worms
  2 dart slugs (D:1)
  5 orcs (D:3)
  5 ball pythons
  4 bats
  4 endoplasms
  3 giant cockroaches (D:1)
  6 goblins
  8 hobgoblins
  8 jackals
  3 kobolds
  3 quokkas
  6 frilled lizards
  9 rats
73 creatures vanquished.

Notes
Turn   | Place    | Note
-------+----------+-------------------------------------------
     0 | D:1      | lunkers the Formicid Fighter began the quest for the Orb.
     0 | D:1      | Reached XP level 1. HP: 18/18 MP: 1/1
    38 | D:1      | Found a faded altar of an unknown god.
   101 | D:1      | Reached XP level 2. HP: 20/24 MP: 2/2
   617 | D:1      | Reached XP level 3. HP: 30/30 MP: 3/3
  1190 | D:2      | Noticed Terence
  1196 | D:2      | Killed Terence
  1197 | D:2      | Reached XP level 4. HP: 31/37 MP: 4/4
  1397 | D:2      | Found a sacrificial altar of Ru.
  1675 | D:2      | Noticed Sigmund
  1686 | D:2      | Killed Sigmund
  1687 | D:2      | Reached skill level 5 in Maces & Flails
  1687 | D:2      | Reached XP level 5. HP: 34/43 MP: 5/5
  1687 | D:2      | Reached XP level 6. HP: 39/50 MP: 6/6
  2018 | D:3      | Identified the +0 bardiche of the Wasteland {vorpal, rPois
                  | rF+ SInv}
  2100 | D:3      | Reached skill level 5 in Fighting
  2642 | D:4      | Noticed a water moccasin
  2656 | D:4      | Killed a water moccasin
  2657 | D:4      | Reached XP level 7. HP: 4/56 MP: 7/7
  2659 | D:4      | Slain by an iguana

Illustrated notes

Levels and vault maps discovered:
D:1:      dpeg_arrival_shelter, layout_basic, dreamdust_ecumenical_altar_grove,
          interstate_on_off
D:2:      kennysheep_big_flooded_room, layout_loops_cross, basic_altar,
          uniq_sigmund, uniq_terence
D:3:      layout_basic, minivault_26, nrook_campfire
D:4:      layout_rooms, old_standard_altar, nicolae_qazlal_eye_of_the_storm

Skill      XL: |  1  2  3  4  5  6 |
---------------+-------------------+-----
Maces & Flails | 3 5 |  5.8
Fighting       | 4 5 |  5.3
Armour         | |  3.2
Shields        | |  4.0

Action                   |  1- 3 |  4- 6 |  7- 9 || total
-------------------------+-------+-------+-------++-------
Melee: Flail             |    84 |       |       ||    84
       Mace              |       |   135 |       ||   135
  Use: Potion            |     1 |       |     3 ||     4
Armor: Scale mail        |    39 |    64 |     1 ||   104
Dodge: Dodged            |    32 |    44 |     1 ||    77
Block: Buckler           |    29 |    73 |       ||   102
       Reflection        |       |     1 |       ||     1

Table legend: (Time is in decaauts)
 A = Elapsed time spent in this place.
 B = Non-inter-level travel time spent in this place.
 C = Inter-level travel time spent in this place.
 D = Time resting spent in this place.
 E = Time spent auto-exploring this place.
 F = Levels seen in this place.
 G = Mean time per level.
                   A        B        C        D        E       F      G
               +--------+--------+--------+--------+--------+-----+--------+
         Total |   2709 |   2614 |     95 |      0 |   2037 |   4 |  677.2 |
       Dungeon |   2709 |   2614 |     95 |      0 |   2037 |   4 |  677.2 |
               +--------+--------+--------+--------+--------+-----+--------+

Top non-repeatable levels by time:
     D:1: 1115 daAuts
     D:2: 837 daAuts
     D:3: 713 daAuts
     D:4: 42 daAuts
